 Dungeon Crawl Stone Soup version 0.30-a0-652-gcc886f7154 (webtiles) character file.

Game seed: 7022267490246144882

53731 bmack86 the Severer (level 14, -6/127 HPs)
             Began as a Minotaur Fighter on Jan 17, 2023.
             Was a High Priest of Okawaru.
             Mangled by a death yak simulacrum (8 damage)
             ... animated by a necromancer
             ... on level 5 of the Lair of Beasts.
             The game lasted 00:47:31 (17222 turns).

bmack86 the Severer (Minotaur Fighter)             Turns: 17222, Time: 00:47:32

Health: -6/127     AC: 27    Str: 25    XL:     14   Next: 32%
Magic:  19/19      EV: 11    Int:  5    God:    Okawaru [*****.]
Gold:   981        SH: 13    Dex: 15    Spells: 13/13 levels left

rFire   . . .      SeeInvis +    F - +3 broad axe
rCold   . . .      Faith    .    T - +1 kite shield of Instinct {-Cast Harm SInv}
rNeg    . . .      Spirit   .    m - +1 plate armour
rPois   +          Reflect  .    g - +2 hat
rElec   .          Harm     +    d - +2 cloak
rCorr   .          Rampage  .    C - +2 pair of gloves
Will    ++...      NoCast   +    M - +0 pair of boots of the Gardener {Dex+4 Slay+2} Stlth
                                 e - amulet of the acrobat
HPRegen 0.41/turn                I - ring "Fyadaw" {rPois EV+5}
MPRegen 0.16/turn                H - ring of willpower

@: no status effects
A: horns 2, retaliatory headbutt
a: Renounce Religion, Heroism, Finesse, Duel


You were on level 5 of the Lair of Beasts.
You worshipped Okawaru.
Okawaru was extremely pleased with you.
You visited 3 branches of the dungeon, and saw 16 of its levels.
You also visited: Ossuary and Bailey.

You collected 981 gold pieces.

Inventory:

Hand Weapons
 a - a +1 war axe of venom
 F - a +3 broad axe (weapon)
 R - a +4 war axe of flaming
Missiles
 h - 12 poisoned darts
 G - 3 silver boomerangs (quivered)
 L - 3 silver javelins
 O - 11 javelins
 V - 5 boomerangs
Armour
 d - a +2 cloak (worn)
 g - a +2 hat (worn)
 m - a +1 plate armour (worn)
 z - a +2 pair of boots
 C - a +2 pair of gloves (worn)
 M - the +0 pair of boots of the Gardener (worn) {Dex+4 Slay+2}
   (Okawaru gifted it to you on level 4 of the Lair of Beasts)

   Dex:       It affects your dexterity (+4).
   Slay:      It affects your accuracy & damage with ranged weapons and melee
   (+2).
 T - the +1 kite shield of Instinct (worn) {-Cast Harm SInv}
   (Okawaru gifted it to you on level 5 of the Lair of Beasts)

   SInv:      It lets you see invisible.
   -Cast:     It prevents spellcasting.
   Harm:      It increases damage dealt and taken.
Jewellery
 b - a ring of flight
 e - an amulet of the acrobat (around neck)
 j - an amulet of magic regeneration
 n - a ring of positive energy
 o - a ring of magical power
 y - a ring of fire
 B - a +4 ring of protection
 H - a ring of willpower (right hand)
 I - the ring "Fyadaw" (left hand) {rPois EV+5}
   (You found it on level 1 of the Lair of Beasts)

   [ring of evasion]

   EV:        It affects your evasion (+5).
   rPois:     It protects you from poison.
 S - a ring of wizardry
Wands
 A - a wand of iceblast (12)
 K - a wand of mindburst (9)
 Q - a wand of quicksilver (7)
Scrolls
 c - a scroll of fog
 k - 8 scrolls of teleportation
 l - 2 scrolls of magic mapping
 r - a scroll of blinking
 s - 4 scrolls of fear
 E - 4 scrolls of identify
 J - 2 scrolls of poison
Potions
 f - 3 potions of invisibility
 i - 2 potions of curing
 p - 2 potions of cancellation
 q - a potion of attraction
 t - a potion of ambrosia
 u - 2 potions of magic
 v - 4 potions of flight
 w - 3 potions of haste
 x - 3 potions of heal wounds
 D - 5 potions of lignification
 N - 3 potions of brilliance
 P - 2 potions of might
 U - a potion of resistance {unknown}


   Skills:
 + Level 12.3 Fighting
 * Level 16.3 Axes
 + Level 9.7 Throwing
 + Level 12.4 Armour
 + Level 12.3 Shields
 + Level 9.2 Invocations


You had 13 spell levels left.
You didn't know any spells.
Your spell library contained the following spells:

 Spells                   Type           Power      Damage    Failure   Level
 Apportation              Tloc           0%         N/A       100%        1
 Beastly Appendage        Tmut           0%         N/A       100%        1
 Magic Dart               Conj           0%         1d3       100%        1
 Cigotuvi's Dreadful Rot  Necr/Pois/Air  0%         N/A       100%        2
 Ensorcelled Hibernation  Hex/Ice        0%         N/A       100%        2
 Searing Ray              Conj           0%         2d4       100%        2
 Wereblood                Tmut           0%         N/A       100%        2
 Confusing Touch          Hex            0%         N/A       100%        3
 Frozen Ramparts          Ice            0%         1d1       100%        3
 Mephitic Cloud           Conj/Pois/Air  0%         N/A       100%        3
 Portal Projectile        Hex/Tloc       0%         N/A       100%        3
 Spider Form              Tmut/Pois      0%         N/A       100%        3
 Stone Arrow              Conj/Erth      0%         3d7       100%        3
 Dispel Undead            Necr           0%         3d6       100%        4
 Fulminant Prism          Conj/Hex       0%         3d5       100%        4
 Ice Form                 Ice/Tmut       0%         N/A       100%        4
 Leda's Liquefaction      Hex/Erth       0%         N/A       100%        4
 Alistair's Intoxication  Tmut/Pois      0%         N/A       100%        5
 Freezing Cloud           Conj/Ice/Air   0%         6-21      100%        5
 Lee's Rapid Deconstruct  Erth           0%         3d4*      100%        5
 Silence                  Hex/Air        0%         N/A       100%        5
 Statue Form              Tmut/Erth      0%         N/A       100%        6
 Lehudib's Crystal Spear  Conj/Erth      0%         10d2      100%        8
 Chain Lightning          Conj/Air       0%         N/A       100%        9
 Fire Storm               Conj/Fire      0%         5d1       100%        9
 Polar Vortex             Ice            0%         N/A       100%        9
 Shatter                  Erth           0%         3d5*      100%        9
 Call Imp                 Summ           Unusable   N/A       N/A         2
 Call Canine Familiar     Summ           Unusable   N/A       N/A         3
 Animate Armour           Summ/Erth      Unusable   N/A       N/A         4
 Summon Ice Beast         Ice/Summ       Unusable   N/A       N/A         4
 Death Channel            Necr           Unusable   N/A       N/A         6
 Simulacrum               Ice/Necr       Unusable   N/A       N/A         6

Dungeon Overview and Level Annotations

Branches:
Dungeon (10/15)            Temple (1/1) D:4            Lair (5/5) D:9
  Swamp (0/4) Lair:2        Snake (0/4) Lair:3        Slime (0/5) Lair:5
Ossuary (visited)          Bailey (visited)
    Orc: D:9-12

Altars:
Ashenzari
Cheibriados
Dithmenos
Elyvilon
Fedhas
Gozag
Hepliaklqana
Kikubaaqudgha
Makhleb
Nemelex Xobeh
Okawaru
Qazlal
Ru
Sif Muna
Trog
Uskayaw
Vehumet
Wu Jian
Xom
Yredelemnul
Zin
The Shining One
Jiyva

Shops:
D:4 =   D:9 [


Innate Abilities, Weirdness & Mutations

You have a pair of horns on your head.
You reflexively headbutt those who attack you in melee.


Message History

The elephant tramples you but does no damage.
You block the elephant's attack. The elephant barely misses you.
You furiously retaliate!
You headbutt the elephant!
You kill the elephant!
Okawaru accepts your kill.
A freezing mist starts to gather...
You block the death yak's attack.
An elephant simulacrum comes into view.
You slash the death yak!
You kill the death yak!
Okawaru accepts your kill.
You hit the elephant but do no damage. You hit the necromancer.
A freezing mist starts to gather...
A death yak simulacrum comes into view.
The necromancer hits you but does no damage.
The elephant tramples you!
You hold your ground!
The elephant trunk-slaps you but does no damage.
You slash the death yak simulacrum! You headbutt the death yak simulacrum.
The death yak simulacrum is heavily damaged.
You barely miss the necromancer. You hit the elephant but do no damage.
The elephant barely misses you. You furiously retaliate!
You headbutt the elephant. The elephant closely misses you.
The necromancer gestures wildly while chanting.
The necromancer binds the souls of nearby monsters.
You hit the death yak simulacrum.
You headbutt the death yak simulacrum, but do no damage.
The death yak simulacrum is severely damaged.
You hit the elephant.
You kill the elephant!
Okawaru accepts your kill.
You closely miss the necromancer.
A freezing mist starts to gather...
An elephant simulacrum comes into view.
The death yak simulacrum gores you! The death yak simulacrum freezes you!!
* * * LOW HITPOINT WARNING * * *
The necromancer hits you but does no damage.
You hit the death yak simulacrum but do no damage.
You headbutt the death yak simulacrum, but do no damage.
The death yak simulacrum is severely damaged.
You slash the necromancer! You hit the elephant simulacrum. x2
The death yak simulacrum gores you!
You die...

*,*,,,,,,,,,,,*
*##**,,,,,,,*,,,,,*
#####P##,,,****##++#++***********
..##P..#*,** #8..#,,,,8**,~~*#8
....PP.#*+** #...#,,,,,+,,~~~+.
.......#*,** #.#.####,8*,~~~~+.
.......#*#######'#....####,~~~~*8
.......#**#8...pZ####....#~~~~,*#
.......# #$...Z@# ####.###~,*##
.P...P.## #8..PZ.##♣♣###...#####8
........##########♣...P###...†...
.P.......♣#♣###♣♣P......♣########
.................................
.................................
...........P.....................
.....#.....#...#.................
.......#.....~....#P.....#......#


You could see a necromancer, a death yak simulacrum and 2 elephant simulacra.

Vanquished Creatures
  2 vault guards (Bailey)
  6 hydras
  2 catoblepae
  3 two-headed ogres
  A boulder beetle (D:9)
  15 death yaks
  A vampire mage (Lair:3)
  Sonja (Lair:4)
  Nergalle (Lair:1)
  2 bog bodies (Lair:2)
  2 ugly things (D:10)
  15 elephants
  7 black mambas
  11 cane toads
  A rime drake (Lair:3)
  11 komodo dragons
  A troll (D:10)
  5 hornets
  6 polar bears
  Prince Ribbit (D:9)
  7 dream sheep (Lair:4)
  9 blink frogs
  A wraith (D:9)
  12 spriggans (Lair:3)
  12 yaks
  3 wyverns
  2 basilisks
  3 steam dragons
  6 humans
  A naga (Lair:3)
  14 water moccasins
  2 orc warriors
  2 black bears
  An ice beast (D:9)
  24 wolves
  An ogre (D:5)
  3 boggarts (Lair:3)
  An elephant skeleton (Lair:5)
  3 centaurs
  4 kobold brigands
  Blork the orc (D:6)
  16 bullfrogs
  3 scorpions
  2 necrophages
  A cane toad simulacrum (Lair:5)
  3 water moccasin zombies (Ossuary)
  7 wights
  10 killer bees
  4 electric eels
  2 howler monkeys (D:4)
  6 jellies
  8 orc priests
  A gnoll bouda (D:8)
  An iguana (D:6)
  10 orc wizards
  A centaur simulacrum (D:9)
  2 mummies (Ossuary)
  8 adders
  14 gnolls
  4 white imps
  A howler monkey simulacrum (D:9)
  2 ufetubi (D:9)
  3 adder zombies (Ossuary)
  3 worms
  39 orcs
  4 endoplasms
  2 gnoll zombies (Ossuary)
  16 goblins
  11 hobgoblins
  A quokka (D:1)
  8 ball pythons
  2 bats
  A frilled lizard (D:2)
  3 hobgoblin zombies (Ossuary)
  47 kobolds
  4 kobold zombies (Ossuary)
  3 orc zombies (Ossuary)
  5 rats
464 creatures vanquished.

Vanquished Creatures (others)
  A yak (D:8)
  An orc (D:8)
  23 fungi
  30 plants
  5 withered plants (Lair:5)
60 creatures vanquished.

Grand Total: 524 creatures vanquished

Notes
Turn   | Place    | Note
-------+----------+-------------------------------------------
     0 | D:1      | bmack86 the Minotaur Fighter began the quest for the Orb.
     0 | D:1      | Reached XP level 1. HP: 19/19 MP: 0/0
    76 | D:1      | Found a faded altar of an unknown god.
   448 | D:1      | Reached XP level 2. HP: 27/27 MP: 1/1
   713 | D:2      | Reached skill level 3 in Axes
   716 | D:2      | You fall into a shaft and drop 1 floor!
   792 | D:2      | Reached XP level 3. HP: 33/33 MP: 2/2
   970 | D:2      | Found a glowing golden altar of the Shining One.
  1887 | D:3      | Reached XP level 4. HP: 40/40 MP: 3/3
  2022 | D:3      | Noticed a kobold brigand
  2036 | D:3      | Killed a kobold brigand
  2037 | D:3      | Reached skill level 4 in Axes
  2037 | D:3      | Reached skill level 1 in Throwing
  2037 | D:3      | Reached XP level 5. HP: 42/47 MP: 4/4
  2167 | D:3      | Reached XP level 6. HP: 42/53 MP: 5/5
  2171 | D:3      | Reached skill level 5 in Axes
  2518 | D:3      | Reached skill level 5 in Fighting
  2518 | D:3      | Reached skill level 5 in Shields
  2887 | D:3      | Found a radiant altar of Vehumet.
  3395 | D:4      | Reached skill level 5 in Armour
  3427 | D:4      | Found a staircase to the Ecumenical Temple.
  3440 | Temple   | Entered the Ecumenical Temple
  3484 | Temple   | Became a worshipper of Warmaster Okawaru
  3658 | D:4      | Found Avocaa's Jewellery Emporium.
  3690 | D:4      | Found a sand-covered staircase.
  3699 | Ossuary  | Entered an ossuary
  3821 | Ossuary  | Reached XP level 7. HP: 52/61 MP: 6/6
  3834 | Ossuary  | Reached skill level 6 in Axes
  3942 | D:4      | Reached * piety under Okawaru
  4099 | D:4      | Reached skill level 1 in Invocations
  4104 | D:4      | Got the Anthology of the Known World
  4739 | D:5      | Entered Level 5 of the Dungeon
  4742 | D:5      | Found an ancient bone altar of Kikubaaqudgha.
  4818 | D:5      | Reached XP level 8. HP: 70/70 MP: 7/7
  5019 | D:5      | Reached skill level 7 in Axes
  5209 | D:5      | Found a burning altar of Makhleb.
  5813 | D:6      | Noticed Blork the orc
  5819 | D:6      | Killed Blork the orc
  5845 | D:6      | Reached ** piety under Okawaru
  5907 | D:6      | Reached skill level 8 in Axes
  6322 | D:7      | Reached XP level 9. HP: 57/78 MP: 10/10
  6890 | D:8      | Reached *** piety under Okawaru
  7080 | D:8      | Reached skill level 9 in Axes
  7365 | D:8      | Found a shimmering altar of Xom.
  7390 | D:8      | Paralysed by a hornet for 1 turns
  7393 | D:8      | Reached skill level 5 in Throwing
  7880 | D:8      | Noticed a two-headed ogre
  7895 | D:8      | Killed a two-headed ogre
  7895 | D:8      | Received a gift from Okawaru
  7896 | D:8      | Reached skill level 10 in Axes
  7896 | D:8      | Reached XP level 10. HP: 44/88 MP: 12/12
  8352 | D:9      | Reached **** piety under Okawaru
  8362 | D:9      | Noticed a boulder beetle
  8428 | D:9      | Killed a boulder beetle
  8428 | D:9      | Received a gift from Okawaru
  8592 | D:9      | Found a hazy altar of Hepliaklqana.
  8695 | D:9      | Noticed Prince Ribbit
  8727 | D:9      | Killed Prince Ribbit
  8764 | D:9      | Noticed a two-headed ogre
  8770 | D:9      | Killed a two-headed ogre
  8771 | D:9      | Reached skill level 5 in Invocations
  8890 | D:9      | Received a gift from Okawaru
  8891 | D:9      | Reached skill level 11 in Axes
  9072 | D:9      | Noticed a two-headed ogre
  9087 | D:9      | Killed a two-headed ogre
  9088 | D:9      | Found a staircase to the Lair.
  9108 | D:9      | Reached XP level 11. HP: 41/95 MP: 14/14
  9451 | D:9      | Found Koetoemm's Armour Shoppe.
  9564 | D:9      | Found an opulent altar of Gozag.
  9623 | D:10     | Entered Level 10 of the Dungeon
  9644 | D:10     | Noticed a purple ugly thing
  9654 | D:10     | Killed a purple ugly thing
  9661 | D:10     | Found a flagged portal.
  9669 | Bailey   | Entered a bailey
  9765 | Bailey   | Noticed a vault guard
  9780 | Bailey   | Killed a vault guard
  9811 | Bailey   | Noticed a vault guard
  9825 | Bailey   | Killed a vault guard
  9826 | Bailey   | Reached skill level 12 in Axes
 10203 | D:10     | Found a sparkling altar of Nemelex Xobeh.
 10425 | D:10     | Found a glowing golden altar of the Shining One.
 10466 | D:10     | Noticed a cyan ugly thing
 10482 | D:10     | Killed a cyan ugly thing
 10545 | D:10     | Found an ornate altar of the Wu Jian Council.
 10858 | Lair:1   | Entered Level 1 of the Lair of Beasts
 10894 | Lair:1   | Received a gift from Okawaru
 10997 | Lair:1   | Noticed a catoblepas
 11008 | Lair:1   | Killed a catoblepas
 11133 | Lair:1   | Identified the ring "Fyadaw" {rPois EV+5}
 11139 | Lair:1   | Noticed Nergalle
 11150 | Lair:1   | Killed Nergalle
 11741 | Lair:2   | Noticed a six-headed hydra
 11760 | Lair:2   | Killed a 16-headed hydra
 11761 | Lair:2   | Reached skill level 10 in Shields
 11761 | Lair:2   | Reached XP level 12. HP: 62/106 MP: 8/16
 11763 | Lair:2   | Reached skill level 10 in Fighting
 11763 | Lair:2   | Reached skill level 13 in Axes
 11772 | Lair:2   | Reached ***** piety under Okawaru
 11780 | Lair:2   | Noticed an eight-headed hydra
 11791 | Lair:2   | Killed a 13-headed hydra
 11792 | Lair:2   | Reached skill level 10 in Armour
 12008 | Lair:2   | Noticed a death yak
 12009 | Lair:2   | Noticed a death yak
 12009 | Lair:2   | Noticed a death yak
 12010 | Lair:2   | Noticed a death yak
 12020 | Lair:2   | Killed a death yak
 12233 | Lair:2   | Killed a death yak
 12237 | Lair:2   | Killed a death yak
 12245 | Lair:2   | Killed a death yak
 12245 | Lair:2   | Received a gift from Okawaru
 12342 | Lair:2   | You fall into a shaft and drop 2 floors!
 12342 | Lair:4   | Noticed a death yak
 12342 | Lair:4   | Noticed a death yak
 12342 | Lair:4   | Noticed a death yak
 12342 | Lair:4   | Noticed a death yak
 12342 | Lair:4   | Noticed a death yak
 12342 | Lair:4   | Noticed a death yak
 12353 | Lair:4   | Killed a death yak
 12353 | Lair:4   | Killed a death yak
 12354 | Lair:4   | Killed a death yak
 12364 | Lair:4   | Killed a death yak
 12364 | Lair:4   | Killed a death yak
 12365 | Lair:4   | Reached skill level 14 in Axes
 12366 | Lair:4   | Killed a death yak
 12366 | Lair:4   | Identified the +0 pair of boots of the Gardener {Dex+4
                  | Slay+2} (Okawaru gifted it to you on level 4 of the Lair of
                  | Beasts)
 12366 | Lair:4   | Received a gift from Okawaru
 12979 | Lair:3   | Noticed a five-headed hydra
 12990 | Lair:3   | Killed a ten-headed hydra
 13008 | Lair:2   | Noticed a death yak
 13008 | Lair:2   | Noticed a death yak
 13009 | Lair:2   | Noticed a death yak
 13012 | Lair:2   | Noticed a death yak
 13019 | Lair:2   | Killed a death yak
 13028 | Lair:2   | Killed a death yak
 13028 | Lair:2   | Killed a death yak
 13029 | Lair:2   | Reached XP level 13. HP: 52/116 MP: 13/17
 13515 | Lair:2   | Found a staircase to the Swamp.
 14045 | Lair:3   | Found a staircase to the Snake Pit.
 14087 | Lair:3   | Reached skill level 15 in Axes
 14426 | Lair:3   | Received a gift from Okawaru
 14721 | Lair:3   | Found a runed translucent door.
 15220 | Lair:4   | Received a gift from Okawaru
 15319 | Lair:4   | Identified the +1 ring mail of the Endless Ghosts {rElec
                  | rPois rCorr Dex-2}
 15333 | Lair:4   | Noticed Sonja
 15339 | Lair:4   | Killed Sonja
 16078 | Lair:4   | Reached XP level 14. HP: 113/126 MP: 19/19
 16246 | Lair:5   | Entered Level 5 of the Lair of Beasts
 16309 | Lair:5   | Received a gift from Okawaru
 16324 | Lair:5   | Reached skill level 16 in Axes
 16550 | Lair:5   | Identified the +1 kite shield of Instinct {-Cast Harm SInv}
                  | (Okawaru gifted it to you on level 5 of the Lair of Beasts)
 16550 | Lair:5   | Received a gift from Okawaru
 16888 | Lair:5   | Found a runed translucent door.
 16888 | Lair:5   | Found a viscous altar of Jiyva.
 16901 | Lair:5   | Found a staircase to the Slime Pits.
 17221 | Lair:5   | HP: 2/127 [death yak simulacrum[a necromancer] (37)]
 17222 | Lair:5   | Mangled by a death yak simulacrum

Illustrated notes

Levels and vault maps discovered:
D:1:      matt_arrival_diagonals, layout_loops_ring,
          shapermc_ecumenical_altar_mp_highgroup
D:2:      layout_loops_ring, serial_forest, infiniplex_forest_join,
          infiniplex_forest_lined_room_2, infiniplex_forest_lined_2,
          infiniplex_forest_lined_room_2, infiniplex_forest_straight_5,
          infiniplex_forest_lined_2, infiniplex_forest_corner_1,
          infiniplex_forest_straight_5, basic_altar, small_statue_intersection
D:3:      minmay_goblin_kobold_castle, layout_basic, lemuel_doored_altar
D:4:      layout_loops_corners, minmay_temple_entry_glass,
          chequers_ossuary_entry_cave, minmay_shop_enchanted_jewellery
D:5:      layout_loops_ring, nicolae_overflow_crystal_walls,
          mainiacjoe_overflow_alcove_2
D:6:      layout_loops_ring, uniq_blork_the_orc
D:7:      layout_loops_cross
D:8:      layout_loops_ring, xom_confusion_cloud
D:9:      layout_loops_corners, kennysheep_mini,
          worldfamousw_hep_ancestral_shrine, lair_entry_dummy, serial_ice,
          serial_ice_n, serial_ice_g, serial_ice_j, serial_ice_m, serial_shops,
          nicolae_shop_stone, dk_rats_in_the_wall, uniq_prince_ribbit1
D:10:     layout_loops_ring, nemelex_spade_bored_becter,
          mainiacjoe_overflow_24_doors, mainiacjoe_overflow_surrounded_room,
          enter_bailey_3
Temple:   nicolae_temple_god_jail
Lair:1:   layout_regular_city, uniq_nergalle
Lair:2:   layout_gridlike, skrybe_swamp_entry_bodies, disabler_island
Lair:3:   kb_forest_paths, layout_regular_city, guppyfry_snake_entry_island,
          pdpol_lair_cabin_in_the_woods
Lair:4:   nzn_winding_woodlands_medium [nzn_winding_woodlands_5x5_checkerboard,
          nzn_winding_woodlands_5x15_cabin, nzn_winding_woodlands_5x5_default,
          nzn_winding_woodlands_5x5_default, nzn_winding_woodlands_center_lodge,
          nzn_winding_woodlands_5x5_open_star,
          nzn_winding_woodlands_5x5_default, nzn_winding_woodlands_5x15_pockets,
          nzn_winding_woodlands_5x5_closed_star], layout_cave_pods,
          lemuel_fruit_tree, uniq_sonja
Lair:5:   due_jungle_book, layout_long_grid, slime_entry_2,
          infiniplex_staircase_pool, grunt_megastairs_1

Skill      XL: |  1  2  3  4  5  6  7  8  9 10 11 12 13 14 |
---------------+-------------------------------------------+-----
Axes           | 3 4 5 6 8 10 11 12 14 15 16 | 16.3
Shields        | 4 5 6 7 8 10 11 12 | 12.3
Fighting       | 4 5 6 7 8 9 11 12 | 12.3
Armour         | 4 5 6 7 8 9 11 12 | 12.4
Throwing       | 1 2 3 4 5 6 7 8 9 |  9.7
Invocations    | 1 3 4 5 6 7 8 9 |  9.2

Action                   |  1- 3 |  4- 6 |  7- 9 | 10-12 | 13-15 || total
-------------------------+-------+-------+-------+-------+-------++-------
Melee: War axe           |    90 |   160 |   301 |   185 |    10 ||   746
       Headbutt          |     6 |    18 |    50 |    96 |   102 ||   272
       Broad axe         |       |       |       |   254 |   365 ||   619
Throw: Boomerang         |       |       |       |    13 |    14 ||    27
Invok: Heroism           |       |       |     4 |    14 |     8 ||    26
       Finesse           |       |       |       |     6 |     2 ||     8
  Use: Scroll            |     3 |     2 |    18 |     7 |     7 ||    37
       Potion            |       |     1 |       |     2 |       ||     3
 Stab: Petrified         |       |       |       |       |     2 ||     2
       Petrifying        |       |       |       |       |     1 ||     1
Armor: Scale mail        |    55 |    10 |       |       |       ||    65
       Plate armour      |       |   146 |   199 |   314 |   198 ||   857
Dodge: Dodged            |    49 |    86 |   124 |   273 |   264 ||   796
Block: Buckler           |    19 |    41 |    69 |   150 |   102 ||   381
       Kite shield       |       |       |       |       |    35 ||    35

Table legend: (Time is in decaauts)
 A = Elapsed time spent in this place.
 B = Non-inter-level travel time spent in this place.
 C = Inter-level travel time spent in this place.
 D = Time resting spent in this place.
 E = Time spent auto-exploring this place.
 F = Levels seen in this place.
 G = Mean time per level.
                   A        B        C        D        E       F      G
               +--------+--------+--------+--------+--------+-----+--------+
         Total |  17196 |  16789 |    407 |   1256 |  10908 |  18 |  955.3 |
       Dungeon |  10334 |  10030 |    304 |    808 |   6744 |  10 | 1033.4 |
        Temple |     89 |     89 |      0 |      0 |      0 |   1 |   89.0 |
          Lair |   6239 |   6137 |    102 |    437 |   4092 |   5 | 1247.8 |
       Ossuary |    203 |    203 |      0 |      0 |      0 |   1 |  203.0 |
        Bailey |    330 |    330 |      0 |     11 |     71 |   1 |  330.0 |
               +--------+--------+--------+--------+--------+-----+--------+

Top non-repeatable levels by time:
     D:3: 1889 daAuts
  Lair:2: 1609 daAuts
     D:9: 1576 daAuts
  Lair:4: 1560 daAuts
  Lair:3: 1266 daAuts
     D:8: 1183 daAuts
     D:4: 1077 daAuts
  Lair:5: 956 daAuts
     D:2: 914 daAuts
    D:10: 873 daAuts
  Lair:1: 845 daAuts
     D:6: 841 daAuts
     D:5: 710 daAuts
     D:1: 661 daAuts
     D:7: 605 daAuts
